Map: Ulrena

Players

Toxic - Winner!

  • Race: Zerg Zerg
  • League: Gold
  • Spawn Location: 11:00

zidar

  • Race: Zerg Zerg
  • League: Silver
  • Spawn Location: 7:00

VOD

Have the link to the VOD?

Description

Time

  • Played on: Jan. 13, 2016, 10:45 a.m.
  • Length: 6:18
Show
View Real Time Build Order
Export as new Build Order

Toxic Zerg - Winner!

Build Orders: Pool First 

Get SALT Encoding   

  12  0:03  Drone  
  13  0:12  Overlord  
  13  0:18  Drone  
  14  0:30  Drone x2  
  16  0:36  Extractor  
  16  0:37  Drone  
  16  0:47  Drone  
  17  0:57  Spawning Pool  
  17  1:00  Drone  
  17  1:09  Drone  
  18  1:28  Hatchery  
  18  1:30  Drone  
  18  1:31  Drone  
  19  1:44  Queen  
  19  1:46  Zergling x2  
  22  2:10  Overlord x2  
  21  2:23  Spine Crawler  
  16  2:36  Queen  
  17  2:40  Zergling x2  
  17  2:41  Zergling x6  
  21  2:47  Metabolic Boost  
  20  3:09  Zergling x2  
  20  3:10  Zergling x6  
  24  3:32  Spine Crawler  
  24  3:34  Zergling x8  
  24  3:37  Spine Crawler  
  26  4:24  Zergling x2  
  26  4:25  Zergling x12  
  33  4:32  Queen  
  35  4:54  Drone  
  35  4:57  Overlord x3  
  36  5:23  Drone x2  
  36  5:24  Drone x3  
Show
View Real Time Build Order
Export as new Build Order

zidar Zerg 

Build Orders: Pool First 

Get SALT Encoding   

  12  0:05  Drone  
  13  0:16  Drone  
  14  0:28  Spawning Pool  
  13  0:29  Drone  
  14  0:39  Extractor  
  14  0:40  Overlord  
  13  0:47  Drone  
  14  1:15  Queen, Zergling x2  
  17  1:18  Zergling x2  
  17  1:19  Zergling x2  
  19  1:27  Zergling x2  
  20  1:40  Zergling x2  
  21  1:56  Zergling x2  
  22  2:07  Metabolic Boost  
  21  2:26  Zergling x2  
  20  2:33  Zergling x4  
  21  2:42  Zergling x2  
  22  2:45  Overlord  
  21  3:11  Hatchery  
  19  3:19  Baneling Nest  
  18  3:26  Zergling x8  
  23  3:27  Zergling x4  
  15  4:15  Zergling x2  
  15  4:16  Zergling x6  
  18  4:22  Lair  
  18  4:29  Roach Warren  
  17  4:32  Zergling x2  
  17  4:33  Zergling x6  
  17  4:35  Baneling x2  
  21  4:38  Baneling  
  21  5:03  Baneling  
  21  5:05  Baneling  
  21  5:11  Zergling x8  
  24  5:51  Zergling x4  
  24  5:52  Zergling x4  
  24  5:53  Zergling x4  
Tags
 
Matchup
ZvZ
Race
Zerg
Spawn Locations
Close Positions
Add a new tag
Caveats
  • Supply blocks, unpowered buildings, or Contaminate may cause inaccurate times.
  • Supply counts are checked every 10 seconds.